 Dungeon Crawl Stone Soup version 0.18.1-5-g4a78601 (webtiles) character file.

1563 shmeve the Shield-Bearer (level 8, -11/71 HPs)
             Began as a Minotaur Berserker on May 11, 2016.
             Was an Elder of Trog.
             Killed from afar by a centaur (21 damage)
             ... with a wand of lightning
             ... on level 7 of the Dungeon.
             The game lasted 00:14:58 (5172 turns).

shmeve the Shield-Bearer (Minotaur Berserker)       Turns: 5172, Time: 00:14:58

Health: -11/71     AC: 17    Str: 23    XL:     8   Next: 58%
Magic:  7/7        EV:  6    Int:  5    God:    Trog [****..]
Gold:   146        SH: 16    Dex: 10    Spells: 0 memorised, 7 levels left

rFire  . . .     SeeInvis .     v - +1 war axe
rCold  . . .     Gourm    .     h - +0 chain mail
rNeg   . . .     Faith    .     z - +0 large shield
rPois  .         Spirit   .     (helmet restricted)
rElec  .         Dismiss  .     q - +2 cloak
rCorr  .         Reflect  .     A - +2 pair of gloves {archery}
SustAt .         Harm     .     w - +0 pair of boots
MR     .....                    (no amulet)
Stlth  ..........               (no ring)
                                (no ring)

@: not resistant to hostile enchantments, extremely unstealthy
A: retaliatory headbutt, horns 2
a: Berserk, Trog's Hand, Brothers in Arms, Burn Spellbooks, Renounce Religion


You were on level 7 of the Dungeon.
You worshipped Trog.
Trog was greatly pleased with you.
You were not hungry.

You visited 1 branch of the dungeon, and saw 7 of its levels.

You collected 370 gold pieces.
You spent 224 gold pieces at shops.

Inventory:

Hand Weapons
 v - a +1 war axe (weapon)
Missiles
 u - 14 tomahawks (quivered)
Armour
 h - a +0 chain mail (worn)
 q - a +2 cloak (worn)
 w - a +0 pair of boots (worn)
 z - a +0 large shield (worn)
 A - a +2 pair of gloves of archery (worn)
Wands
 s - a wand of lightning (8/15)
Scrolls
 a - a scroll of magic mapping {unknown}
 d - 5 scrolls of identify
 k - 3 scrolls of teleportation
 l - a scroll of random uselessness {unknown}
 m - a scroll of fog {unknown}
 n - 2 scrolls of fear
 o - a scroll of enchant weapon
 r - a scroll of recharging {unknown}
Potions
 b - a potion of cure mutation {unknown}
 e - a potion of lignification {unknown}
 f - a potion of agility {unknown}
 g - 2 potions of haste {unknown}
 i - a potion of cancellation {unknown}
 p - 5 potions of might {unknown}
Comestibles
 c - 4 bread rations
 j - 2 meat rations


   Skills:
 * Level 6.6 Fighting
 * Level 6.5 Axes
 + Level 3.4 Throwing
 + Level 4.9 Armour
 + Level 4.3 Dodging
 * Level 7.0 Shields


You had 7 spell levels left.
You didn't know any spells.

Dungeon Overview and Level Annotations

Branches:
Dungeon (7/15)             Temple (0/1) D:7

Altars:
Cheibriados
Kikubaaqudgha
Vehumet
Xom
Zin

Shops:
D:4 [   D:5 ?


Innate Abilities, Weirdness & Mutations

You reflexively headbutt those who attack you in melee.
You have a pair of horns on your head.


Message History

The centaur shouts!
The centaur wields a shortbow.
The centaur shoots an arrow.
You block the arrow.
You see here an arrow.
A centaur is nearby!
The centaur shoots an arrow.
You block the arrow.
You see here an arrow.
You hit the centaur but do no damage. You headbutt the centaur.
The centaur is lightly wounded.
The centaur zaps a wand.
The bolt of lightning hits you!
It is a wand of lightning.
The centaur zaps a wand.
The bolt of lightning hits you!
* * * LOW HITPOINT WARNING * * *
You hit the centaur but do no damage. Your headbutt misses the centaur.
The centaur is lightly wounded.
You block the centaur's attack.
You slash the centaur!
The centaur is severely wounded.
The centaur zaps a wand.
The bolt of lightning hits you!
You die...

################# ###
...>............. ..#
##.######.######## #.###
##.# #.# #.. ....# ##.# #.##
#.########..#
##.######..#####.#......#..#
.#.#...........#.#.#..)....#
.#.#...#(..#.....(......#.##
.#.#...#.⌠.#...#@########.##
#.#.###...###..c#.........#
#.............#.######..#
#..⌠..>..⌠..#........#..#
.........................#
<..###...###..##.####.##.#
#.. #.⌠.#...###......# .# +.
#...#...# ######## .#
.......... ..


You could see a centaur.

Vanquished Creatures
  Grinder (D:3)
  Menkaure (D:6)
  A sky beast (D:6)
  2 black bears
  An ogre (D:4)
  A giant frog (D:6)
  A scorpion (D:6)
  A howler monkey (D:7)
  A giant frog zombie (D:7)
  2 crimson imps
  4 orc priests
  Crazy Yiuf (D:2)
  A giant frog skeleton (D:7)
  Jessica (D:2)
  2 orc wizards
  4 worker ants
  A hound zombie (D:6)
  2 hound skeletons (D:4)
  A worker ant zombie (D:6)
  8 adders
  3 shadow imps
  An ooze (D:3)
  An adder zombie (D:6)
  An adder skeleton (D:4)
  3 worms
  4 dart slugs
  6 giant geckos
  16 orcs
  8 bats
  3 giant cockroaches
  5 hobgoblins
  8 jackals
  3 quokkas
  5 giant newts
  12 goblins
  8 kobolds
  A quokka skeleton (D:4)
  9 rats
134 creatures vanquished.

Vanquished Creatures (others)
  A hobgoblin (D:2)
1 creature vanquished.

Grand Total: 135 creatures vanquished

Notes
Turn   | Place    | Note
--------------------------------------------------------------
     0 | D:1      | shmeve the Minotaur Berserker began the quest for the Orb.
     0 | D:1      | Reached XP level 1. HP: 19/19 MP: 0/0
    97 | D:1      | Reached XP level 2. HP: 15/27 MP: 1/1
   498 | D:1      | Reached ** piety under Trog
   519 | D:1      | Reached XP level 3. HP: 25/33 MP: 2/2
   573 | D:1      | Reached skill level 1 in Throwing
   918 | D:2      | Reached XP level 4. HP: 38/40 MP: 3/3
   926 | D:2      | Noticed Jessica
   934 | D:2      | Killed Jessica
  1269 | D:2      | Reached *** piety under Trog
  1287 | D:2      | Noticed Crazy Yiuf
  1291 | D:2      | Killed Crazy Yiuf
  1291 | D:2      | Reached XP level 5. HP: 47/47 MP: 4/4
  1479 | D:3      | Noticed Grinder
  1503 | D:3      | Killed Grinder
  1503 | D:3      | Reached skill level 5 in Fighting
  1503 | D:3      | Reached skill level 5 in Axes
  1503 | D:3      | Reached XP level 6. HP: 20/56 MP: 5/5
  1709 | D:3      | Found a shimmering altar of Xom.
  1710 | D:3      | Found a shimmering altar of Xom.
  1711 | D:3      | Found a shimmering altar of Xom.
  1712 | D:3      | Found a shimmering altar of Xom.
  1712 | D:3      | Found a shimmering altar of Xom.
  1715 | D:3      | Found a shimmering altar of Xom.
  1885 | D:3      | Found a radiant altar of Vehumet.
  2470 | D:4      | Reached XP level 7. HP: 37/62 MP: 6/6
  2720 | D:4      | Found Jyluqaont's Antique Armour Shop.
  2737 | D:4      | Bought a large shield for 112 gold pieces
  2737 | D:4      | Bought a pair of embroidered gloves for 112 gold pieces
  2775 | D:5      | Entered Level 5 of the Dungeon
  2829 | D:5      | Reached skill level 1 in Shields
  2968 | D:5      | Reached skill level 2 in Shields
  2998 | D:5      | Reached skill level 3 in Shields
  3031 | D:5      | Found a glowing silver altar of Zin.
  3032 | D:5      | Found Yciekleu's Magic Scroll Emporium.
  3134 | D:5      | Found an ancient bone altar of Kikubaaqudgha.
  3651 | D:6      | Reached skill level 4 in Shields
  3654 | D:6      | Reached **** piety under Trog
  3654 | D:6      | Reached skill level 5 in Shields
  3660 | D:6      | Reached XP level 8. HP: 51/70 MP: 7/7
  3832 | D:6      | Noticed Menkaure
  3837 | D:6      | Killed Menkaure
  3837 | D:6      | Reached skill level 6 in Shields
  4879 | D:7      | Found a snail-covered altar of Cheibriados.
  5098 | D:7      | Found a staircase to the Ecumenical Temple.
  5161 | D:7      | Reached skill level 7 in Shields
  5172 | D:7      | Killed from afar by a centaur

Skill      XL: |  1  2  3  4  5  6  7  8 |
---------------+-------------------------+-----
Fighting       | 4 5 6 |  6.6
Throwing       | 1 2 3 |  3.4
Axes           | 4 5 6 |  6.5
Armour         | 3 4 |  4.9
Dodging        | 3 4 |  4.3
Shields        | 5 7 |  7.0

Action                   |  1- 3 |  4- 6 |  7- 9 || total
-------------------------+-------+-------+-------++-------
Melee: Hand axe          |    73 |   127 |    18 ||   218
       Headbutt          |     9 |    19 |    37 ||    65
       War axe           |       |       |   137 ||   137
Throw: Tomahawk          |       |    12 |    22 ||    34
Invok: Berserk           |       |     3 |       ||     3
       Trog's Hand       |       |     3 |     3 ||     6
       Burn Spellbooks   |       |       |     1 ||     1
  Use: Scroll            |       |       |     9 ||     9
  Eat: Chunk             |       |     8 |     3 ||    11
       Beef jerky        |       |       |     2 ||     2
       Meat ration       |       |       |     1 ||     1
Armor: Animal skin       |     9 |       |       ||     9
       Chain mail        |    34 |    77 |    92 ||   203
Dodge: Dodged            |    66 |    66 |    51 ||   183
Block: Large shield      |       |       |    78 ||    78
